 Dungeon Crawl Stone Soup version 0.29-a0-620-g13ace881f2 (webtiles) character file.

Game seed: 17108536951762107792

84 avis the Chiller (level 4, 0/33 HPs)
             Began as a Demigod Ice Elementalist on June 18, 2022.
             Slain by a phantom (1 damage)
             ... on level 3 of the Dungeon.
             The game lasted 00:14:17 (2757 turns).

avis the Chiller (Demigod Ice Elementalist)         Turns: 2757, Time: 00:14:17

Health: 0/33       AC:  4    Str:  9    XL:     4   Next: 3%
Magic:  4/9        EV: 12    Int: 17    God:
Gold:   108        SH:  0    Dex: 18    Spells: 3/7 levels left

rFire   . . .      SeeInvis .   b - -2 hunting sling
rCold   . . .      Faith    .   (no shield)
rNeg    . . .      Spirit   .   c - +0 robe
rPois   .          Reflect  .   q - +0 helmet
rElec   .          Harm     .   (no cloak)
rCorr   .          Rampage  .   j - +0 pair of gloves
Will    .....                   (no boots)
Stlth   ++........              (no amulet)
HPRegen 0.11/turn               (no ring)
MPRegen 0.11/turn               (no ring)

@: no status effects
A: high MP 1, forlorn, divine attributes
a: no special abilities


You were on level 3 of the Dungeon.
You visited 1 branch of the dungeon, and saw 3 of its levels.

You collected 108 gold pieces.

Inventory:

Hand Weapons
 a - a +0 dagger
 b - a -2 hunting sling (weapon)
 s - a +0 whip of pain
Missiles
 l - 8 poisoned darts
Armour
 c - a +0 robe (worn)
 j - a +0 pair of gloves (worn)
 q - a +0 helmet (worn)
Scrolls
 h - a scroll of teleportation {unknown}
 k - a scroll of blinking {unknown}
 m - a scroll of vulnerability {unknown}
 o - a scroll of silence {unknown}
 p - a scroll of identify {unknown}
Potions
 d - a potion of cancellation {unknown}
 e - a potion of ambrosia {unknown}
 f - 2 potions of haste {unknown}
 g - 2 potions of attraction {unknown}
 i - a potion of magic
 n - a potion of curing {unknown}
 r - a potion of degeneration {unknown}


   Skills:
 - Level 1.7 Dodging
 - Level 1.7 Stealth
 - Level 2.0 Spellcasting
 * Level 5.2 Ice Magic


You had 3 spell levels left.
You knew the following spells:

 Your Spells              Type           Power      Damage    Failure   Level
a - Freeze                Ice            76%        1d9       2%          1
o - Ozocubu's Armour      Ice            19%        N/A       7%          3

Your spell library contained the following spells:

 Spells                   Type           Power      Damage    Failure   Level
 Frozen Ramparts          Ice            38%        1d5       7%          3
 Hailstorm                Conj/Ice       10%        3d5       54%         4


Dungeon Overview and Level Annotations

Branches:
Dungeon (3/15)

Annotations:
D:2 1 runed translucent door, exclusion: door


Innate Abilities, Weirdness & Mutations

You have an increased reservoir of magic. (+10% MP)
You shall have no god before yourself.
Your divine heritage dramatically boosts your attributes as you level up.


Message History

You freeze the phantom but do no damage.
The phantom completely resists.
The rat bites you.
* * * LOW HITPOINT WARNING * * *
The phantom barely misses you.
Fire: b) -2 hunting sling
Press: ? - help, Q - select action, (/) - cycle Shift-Dir - straight line, f/p - phantom
Aim: a phantom (41% to hit)
Okay, then.
Fire: b) -2 hunting sling
Press: ? - help, Q - select action, (/) - cycle Shift-Dir - straight line, f/p - phantom
Aim: a phantom (41% to hit)
You shoot a sling bullet.
The sling bullet barely misses the phantom.
The rat closely misses you. The phantom barely misses you.
Fire: b) -2 hunting sling
Press: ? - help, Q - select action, (/) - cycle Shift-Dir - straight line, f/p - phantom
Aim: a phantom (41% to hit)
You shoot a sling bullet. The sling bullet hits the phantom.
The phantom is lightly damaged.
The phantom hits you.
* * * LOW HITPOINT WARNING * * *
The phantom blinks!
You blink.
An endoplasm comes into view.
The phantom closely misses you.
Fire: b) -2 hunting sling
Press: ? - help, Q - select action, (/) - cycle Shift-Dir - straight line, f - endoplasm, p - phantom
Aim: an endoplasm (asleep, 98% to hit)
You shoot a sling bullet. The sling bullet hits the endoplasm!
You kill the endoplasm!
The phantom hits you.
* * * LOW HITPOINT WARNING * * *
The phantom blinks!
You blink.
Fire: b) -2 hunting sling
Press: ? - help, Q - select action, (/) - cycle Shift-Dir - straight line, f - phantom
Aim: a phantom (lightly damaged, 41% to hit)
You shoot a sling bullet.
The sling bullet hits the phantom but does no damage.
The phantom is lightly damaged.
The phantom completely misses you. The phantom hits you.
You die...

# #... #..†.# #...
.####.#### #.#.
..##..# #.#..##
#.#.########
#..........#
#####..........#
#............$.#
###....@r........###
##...[...W...........
#..†..............#
##........#####.###
#.......#.. #
##..#####... #.##
#.... ..# #..#.. ...
..###.#


You could see a phantom and a rat.

Vanquished Creatures
  2 adders
  A dart slug (D:2)
  8 bats
  9 endoplasms
  A giant cockroach (D:3)
  5 goblins
  6 hobgoblins
  4 jackals (D:1)
  2 quokkas (D:2)
  6 ball pythons
  5 frilled lizards
  6 kobolds
  3 rats
58 creatures vanquished.

Notes
Turn   | Place    | Note
-------+----------+-------------------------------------------
     0 | D:1      | avis the Demigod Ice Elementalist began the quest for the
                  | Orb.
     0 | D:1      | Reached XP level 1. HP: 14/14 MP: 5/5
   331 | D:1      | Reached skill level 4 in Ice Magic
   383 | D:1      | Reached XP level 2. HP: 19/20 MP: 4/7
  1207 | D:1      | Reached XP level 3. HP: 25/26 MP: 5/8
  1236 | D:1      | Learned a level 3 spell: Ozocubu's Armour
  1636 | D:2      | Found a runed translucent door.
  1929 | D:2      | Reached skill level 5 in Ice Magic
  2737 | D:3      | Noticed a phantom
  2745 | D:3      | Reached XP level 4. HP: 27/33 MP: 3/9
  2756 | D:3      | HP: 1/33 [phantom (2)]
  2757 | D:3      | Slain by a phantom

Illustrated notes

Levels and vault maps discovered:
D:1:      scummos_arrival_simple_crosswalls, layout_basic,
          ebering_ecumenical_altar_rust, dk_noncrumbling_3
D:2:      layout_basic, minmay_misc_feat_columns, uniq_crazy_yiuf_cottage
D:3:      due_chaos_kobolds, layout_rooms, nicolae_overflow_hidden_temple,
          vehumet_crystals, uniq_terence

Skill      XL: |  1  2  3 |
---------------+----------+-----
Ice Magic      | 4 5 |  5.2
Spellcasting   | 2 |  2.0
Dodging        | |  1.7
Stealth        | |  1.7

Action                   |  1- 3 |  4- 6 || total
-------------------------+-------+-------++-------
 Fire: Hunting sling     |    63 |    10 ||    73
 Cast: Freeze            |    54 |     1 ||    55
       Ozocubu's Armour  |     3 |       ||     3
Armor: Robe              |    17 |     1 ||    18
Dodge: Dodged            |    52 |    11 ||    63

Table legend: (Time is in decaauts)
 A = Elapsed time spent in this place.
 B = Non-inter-level travel time spent in this place.
 C = Inter-level travel time spent in this place.
 D = Time resting spent in this place.
 E = Time spent auto-exploring this place.
 F = Levels seen in this place.
 G = Mean time per level.
                   A        B        C        D        E       F      G
               +--------+--------+--------+--------+--------+-----+--------+
         Total |   2793 |   2576 |    217 |    868 |   1187 |   3 |  931.0 |
       Dungeon |   2793 |   2576 |    217 |    868 |   1187 |   3 |  931.0 |
               +--------+--------+--------+--------+--------+-----+--------+

Top non-repeatable levels by time:
     D:1: 1580 daAuts
     D:2: 1103 daAuts
     D:3: 109 daAuts
